 Dungeon Crawl Stone Soup version 0.18.1-48-g4cf74bf (webtiles) character file.

91 PossumBlood the Shooter (level 4, -7/29 HPs)
             Began as a High Elf Hunter on Aug 14, 2016.
             Mangled by Crazy Yiuf
             ... wielding a +4 quarterstaff of chaos
              (8 damage)
             ... on level 2 of the Dungeon.
             The game lasted 00:03:29 (1156 turns).

PossumBlood the Shooter (High Elf Hunter)           Turns: 1156, Time: 00:03:29

Health: -7/29      AC:  3    Str: 11    XL:     4   Next: 34%
Magic:  5/5        EV: 12    Int: 14    God:
Gold:   93         SH:  0    Dex: 20    Spells: 0 memorised, 3 levels left

rFire  . . .     SeeInvis .     a - +1 shortbow
rCold  . . .     Gourm    .     c - +0 leather armour
rNeg   . . .     Faith    .     (shield currently unavailable)
rPois  .         Spirit   .     (no helmet)
rElec  .         Dismiss  .     (no cloak)
rCorr  .         Reflect  .     (no gloves)
SustAt .         Harm     .     (no boots)
MR     .....                    (no amulet)
Stlth  ++........               (no ring)
                                j - +3 ring of dexterity

@: not resistant to hostile enchantments, unstealthy
A: no striking features
a: no special abilities


You were on level 2 of the Dungeon.
You were not hungry.

You visited 1 branch of the dungeon, and saw 2 of its levels.

You collected 93 gold pieces.

Inventory:

Hand Weapons
 a - a +1 shortbow (weapon)
 b - a +0 short sword
Missiles
 d - 51 arrows (quivered)
Armour
 c - a +0 leather armour (worn)
Jewellery
 j - a +3 ring of dexterity (left hand)
Scrolls
 e - 3 scrolls of identify {unknown}
 h - a scroll of fog {unknown}
 i - a scroll of blinking {unknown}
 m - 2 scrolls of remove curse {unknown}
 o - a scroll of noise {unknown}
 p - a scroll of enchant weapon {unknown}
Potions
 g - a potion of mutation {unknown}
 n - a potion of might {unknown}
Comestibles
 f - a bread ration
 k - a beef jerky
 l - a meat ration


   Skills:
 - Level 2.0 Fighting
 * Level 7.7 Bows
 - Level 2.1 Dodging
 + Level 1.2 Stealth


You had 3 spell levels left.
You didn't know any spells.

Dungeon Overview and Level Annotations

Branches:
Dungeon (2/15)

Altars:
The Shining One

Annotations:
D:2 Crazy Yiuf


Message History

You are too injured to fight recklessly!
You are too injured to fight recklessly!
You are too injured to fight recklessly!
Firing (i - inventory):
d - 54 arrows (quivered)
Press: ? - help, Shift-Dir - straight line, f/p - Crazy Yiuf
Aim: Crazy Yiuf, wielding a quarterstaff of chaos and wearing a cloak You shoot an arrow.
The arrow barely misses Crazy Yiuf.
Firing (i - inventory):
d - 53 arrows (quivered)
Press: ? - help, Shift-Dir - straight line, f/p - Crazy Yiuf
Aim: Crazy Yiuf, wielding a quarterstaff of chaos and wearing a cloak You shoot an arrow.
The arrow hits Crazy Yiuf.
Crazy Yiuf is lightly wounded.
Crazy Yiuf barely misses you.
Firing (i - inventory):
d - 52 arrows (quivered)
Press: ? - help, Shift-Dir - straight line, f/p - Crazy Yiuf
Aim: Crazy Yiuf, wielding a quarterstaff of chaos and wearing a cloak (lightly wounded)
You shoot an arrow. The arrow closely misses Crazy Yiuf.
Crazy Yiuf laughs, "Proton senile infinity!"
Crazy Yiuf hits you with a quarterstaff of chaos!
You die...

### #). #.. #####
.( #...# #### #(
#...# #... #g##
#...######... #@#
#.......##... #.##
#)#####...... ##.#
#.#..........
##.##
#..........##
#...#
###........##
##...# #........##
#....#
###.##.#####
##..#####...)....#
#
#.......#^.......#
#


You could see Crazy Yiuf.

Vanquished Creatures
  3 gnolls (D:2)
  3 adders (D:2)
  A worm (D:2)
  A giant gecko (D:2)
  A giant cockroach (D:1)
  A goblin (D:1)
  6 hobgoblins
  2 jackals (D:1)
  4 kobolds
  4 bats (D:1)
  3 giant newts
  2 rats (D:1)
31 creatures vanquished.

Notes
Turn   | Place    | Note
--------------------------------------------------------------
     0 | D:1      | PossumBlood the High Elf Hunter began the quest for the Orb.
     0 | D:1      | Reached XP level 1. HP: 14/14 MP: 2/2
    74 | D:1      | Found a glowing golden altar of the Shining One.
   296 | D:1      | Reached XP level 2. HP: 17/19 MP: 3/3
   302 | D:1      | Reached skill level 6 in Bows
   623 | D:2      | Reached XP level 3. HP: 24/24 MP: 4/4
   665 | D:2      | Reached skill level 7 in Bows
   747 | D:2      | Reached XP level 4. HP: 29/29 MP: 5/5
  1148 | D:2      | Noticed Crazy Yiuf
  1153 | D:2      | HP: 1/29 [Crazy Yiuf/quarterstaff of chaos (13)]
  1156 | D:2      | Mangled by Crazy Yiuf

Skill      XL: |  1  2  3 |
---------------+----------+-----
Bows           | 6 7 |  7.7
Fighting       | |  2.0
Dodging        | |  2.1
Stealth        | |  1.2

Action                   |  1- 3 |  4- 6 || total
-------------------------+-------+-------++-------
Melee: Short sword       |     2 |       ||     2
 Fire: Shortbow          |    73 |    21 ||    94
  Eat: Bread ration      |       |     1 ||     1
Armor: Leather armour    |     3 |       ||     3
Dodge: Dodged            |    18 |     1 ||    19
